 Dungeon Crawl Stone Soup version 0.14-a0-1719-ga7e7698 (webtiles) character file.

608 4tharraofdagon the Poker (level 6, -2/58 HPs)
             Began as a Djinni Fighter on Jan 2, 2014.
             Was a Follower of Cheibriados.
             Slain by a vampire mosquito (6 damage)
             ... on Level 8 of the Dungeon.
             The game lasted 00:05:09 (1170 turns).

4tharraofdagon the Poker (Djinni Fighter)           Turns: 1170, Time: 00:05:09

HP  -2/58        AC  9     Str 20      XL: 6   Next: 97%
MP   0/0         EV  5     Int 11      God: Cheibriados [*.....]
Gold 102         SH 19     Dex 14      Spells:  0 memorised,  5 levels left

rFire  + + +     SeeInvis .     a - +0 trident
rCold  x . .     Clarity  .     o - +0 orc chain mail
rNeg   + + +     Conserve .     c - +0 shield
rPois  .         rCorr    .     (no helmet)
rElec  .         rRot     .     (no cloak)
SustAb . .       Spirit   .     (no gloves)
rMut   .         Warding  .     (boots unavailable)
Saprov . . .     Stasis   .     (no amulet)
                                (no ring)
                                u - ring of magical power

@: flying, very slow, slightly resistant to hostile enchantments, extremely
unstealthy
A: fire immunity, cold vulnerability, life protection 3
a: Bend Time, Renounce Religion


You were on level 8 of the Dungeon.
You worshipped Cheibriados.
Cheibriados was aware of your devotion.
You were not hungry.

You visited 1 branch of the dungeon, and saw 8 of its levels.

You collected 102 gold pieces.

Inventory:

Hand weapons
 a - a +0,+0 trident (weapon)
 p - a -1 orcish blowgun
Missiles
 f - 6 javelins (quivered)
 q - 11 poisoned needles
Armour
 b - a cursed +0 scale mail
 c - a +0 shield (worn)
 j - a +0 chain mail
 o - a +0 orcish chain mail (worn)
Magical devices
 i - a wand of random effects (8)
Scrolls
 d - a scroll of immolation {unknown}
 e - a scroll of fog {unknown}
 g - 2 scrolls of noise {unknown}
 h - a scroll of identify {unknown}
 l - 2 scrolls of remove curse {unknown}
 n - a scroll of recharging {unknown}
Jewellery
 u - a ring of magical power (left hand)
Potions
 k - a potion of invisibility {unknown}
 m - a potion of restore abilities {unknown}
 r - a potion of mutation {unknown}
 s - a potion of poison {unknown}
 t - a potion of brilliance {unknown}


   Skills:
 + Level 4.0 Fighting
 * Level 5.3 Polearms
 + Level 5.1 Armour
 + Level 1.6 Dodging
 - Level 3.0 Shields


You had 5 spell levels left.
You didn't know any spells.

Dungeon Overview and Level Annotations

Branches:
Dungeon (8/16)
 Temple: D:4-7         Lair: D:8-11

Altars:
Cheibriados

Annotations:
D:6 HollowCharge's ghost, experienced TeFi


Innate Abilities, Weirdness & Mutations

You are immune to all types of fire, even holy and hellish.
You are vulnerable to cold.
You need no food.
You have no legs.
You are immune to negative energy.


Message History

You are too injured to fight recklessly!
You are too injured to fight recklessly!
Your shield and chain mail prevent you from hitting the vampire mosquito.
The vampire mosquito bites you!
* * * LOW HITPOINT WARNING * * *
The vampire mosquito bites you but does no damage.
You hit the vampire mosquito.
The vampire mosquito is lightly damaged.
You block the vampire mosquito's attack.
The vampire mosquito barely misses you.
You puncture the vampire mosquito!
The vampire mosquito is heavily damaged.
You block the vampire mosquito's attack.
The vampire mosquito bites you.
* * * LOW HITPOINT WARNING * * *
Unknown command.
You hit the vampire mosquito.
The vampire mosquito is severely damaged.
The vampire mosquito bites you.
You die...

#.######.. .
.....^#.# .# #...#.#
.. ##.#.#.#y#
#....#...# #.....#
#.###.# #.# #y# #.#
#@# #.###.#
###########...#.###
...........>........
#######.###...#.###..
#.###...........
#.......#.#####.#
#####.#<........#
#.....#######


You could see a vampire mosquito.

Vanquished Creatures
  A vampire mosquito (D:8)
  An ogre (D:5)
  A giant frog (D:5)
  2 hounds
  An orc wizard (D:7)
  A worker ant (D:7)
  A hound zombie (D:5)
  A mummy (D:7)
  3 adders
  An adder skeleton (D:6)
  An adder zombie (D:7)
  2 giant eyeballs
  A giant gecko (D:4)
  An ooze (D:1)
  9 orcs
  2 ball pythons
  2 goblins
  A hobgoblin (D:3)
  2 jackals (D:1)
  2 quokkas
  A giant newt (D:3)
  4 kobolds
  2 rats
43 creatures vanquished.

Notes
Turn   | Place    | Note
--------------------------------------------------------------
     0 | D:1      | 4tharraofdagon, the Djinni Fighter, began the quest for the Orb.
     0 | D:1      | Reached XP level 1. HP: 16/16 MP: 0/0
    99 | D:3      | Reached XP level 2. EP: 22/22
   202 | D:4      | Paralysed by a giant eyeball for 2 turns
   204 | D:4      | Reached XP level 3. EP: 28/28
   260 | D:5      | Entered Level 5 of the Dungeon
   260 | D:5      | Noticed an ogre
   270 | D:5      | Killed an ogre
   270 | D:5      | Reached skill level 4 in Armour
   270 | D:5      | Reached XP level 4. EP: 8/35
   328 | D:5      | Found a snail-covered altar of Cheibriados.
   409 | D:5      | Became a worshipper of Cheibriados the Contemplative
   475 | D:5      | Reached XP level 5. EP: 37/41
   719 | D:5      | Paralysed by a giant eyeball for 3 turns
   735 | D:5      | Paralysed by a giant eyeball for 3 turns
   741 | D:5      | Paralysed by a giant eyeball for 2 turns
   838 | D:6      | Reached skill level 1 in Dodging
   846 | D:6      | Noticed HollowCharge's ghost (experienced TeFi)
   852 | D:7      | Noticed a centaur
   856 | D:7      | Noticed an ogre
   866 | D:7      | Noticed a centaur
   980 | D:7      | Reached XP level 6. EP: 49/49
  1075 | D:7      | Noticed an orc warrior
  1146 | D:8      | Noticed a vampire mosquito
  1148 | D:8      | Noticed a vampire mosquito
  1149 | D:8      | Noticed a vampire mosquito
  1164 | D:8      | Killed a vampire mosquito
  1164 | D:8      | Reached skill level 5 in Polearms
  1164 | D:8      | Reached skill level 5 in Armour
  1170 | D:8      | Slain by a vampire mosquito

Action                   |  1- 3 |  4- 6 || total
-------------------------+-------+-------++-------
Melee: Trident           |    69 |   186 ||   255
Throw: Javelin           |     8 |     2 ||    10
Evoke: Wand              |       |     2 ||     2
  Use: Potion            |     1 |     2 ||     3
       Scroll            |       |     1 ||     1
